 Dungeon Crawl Stone Soup version 0.30-a0-777-ga9a30cbeda (webtiles) character file.

Game seed: 4559369217295508875

116 Spectrina the Poker (level 5, -6/21 (38) HPs)
             Began as a Merfolk Reaver on Feb 12, 2023.
             Killed from afar by an orc wizard (7 damage)
             ... with a puff of flame
             ... on level 4 of the Dungeon on Feb 13, 2023.
             The game lasted 00:10:59 (978 turns).

Spectrina the Poker (Merfolk Reaver)                 Turns: 978, Time: 00:11:00

HP:   -6/21 (38)    AC:  7    Str: 14    XL:     5   Next: 1%
MP:   7/9           EV: 10    Int: 12    God:
Gold: 132           SH:  0    Dex: 19    Spells: 6/9 levels left

rFire   . . .      SeeInvis .    f - +0 trident
rCold   . . .      Faith    .    (no shield)
rNeg    . . .      Spirit   .    g - +0 scale mail
rPois   .          Reflect  .    (no helmet)
rElec   .          Harm     .    (no cloak)
rCorr   .          Rampage  .    k - +0 pair of gloves
Will    .....                    (no boots) Stlth
                                 (no amulet)
HPRegen 0.23/turn                e - +6 ring of dexterity
MPRegen 0.11/turn                (no ring)

@: very slightly contaminated, very heavily drained
A: (nimble swimmer 2), mertail
a: no special abilities


You were on level 4 of the Dungeon.
You visited 1 branch of the dungeon, and saw 5 of its levels.

You collected 132 gold pieces.

Inventory:

Hand Weapons
 a - a +0 spear
 f - a +0 trident (weapon)
Armour
 b - a +0 leather armour
 g - a +0 scale mail (worn)
 k - a +0 pair of gloves (worn)
Magical Staves
 h - a staff of fire
Jewellery
 e - a +6 ring of dexterity (left hand)
Scrolls
 d - a scroll of noise {unknown}
 i - a scroll of fear {unknown}
 j - a scroll of identify {unknown}
Potions
 c - a potion of attraction


   Skills:
 - Level 2.1 Fighting
 + Level 6.3 Polearms
 + Level 0.4 Armour
 - Level 2.6 Dodging
 + Level 2.8 Spellcasting
 - Level 2.4 Conjurations
 + Level 0.4 Translocations


You had 6 spell levels left.
You knew the following spells:

 Your Spells              Type           Power      Damage    Failure   Level
a - Kiss of Death         Conj/Necr      16%        2d6       56%         1
f - Momentum Strike       Conj/Tloc      10%        3d8       67%         2

Your spell library contained the following spells:

 Spells                   Type           Power      Damage    Failure   Level
 Magic Dart               Conj           28%        1d4       38%         1
 Searing Ray              Conj           14%        2d5       54%         2
 Hailstorm                Conj/Ice       4%         3d4       90%         3
 Gell's Gravitas          Tloc           2%         N/A       95%         3
 Teleport Other           Tloc           2%         N/A       95%         3
 Fulminant Prism          Conj/Hex       2%         3d5       100%        4
 Dispersal                Tloc           1%         N/A       100%        6


Dungeon Overview and Level Annotations

Branches:
Dungeon (5/15)
 Temple: D:4-7

Altars:
The Shining One

Shops:
D:4 [


Innate Abilities, Weirdness & Mutations

((You are very nimble when in or above water. (Stealth+, EV+, Speed+++)))
Your lower body shifts to a powerful aquatic tail in water.


Message History

There is a stone staircase leading down here.
You barely miss the ufetubus.
The ufetubus is heavily wounded.
The ufetubus misses you. The ufetubus closely misses you. Something hits you.
Deactivating autopickup; reactivate with Ctrl-A.
Okay, then.
You puncture the ufetubus!
You kill the ufetubus!
You have reached level 5!
You feel agile.
You closely miss something. Something hits you but does no damage.
You hit something. Something hits you.
You completely miss something. Something hits you but does no damage.
You miss something. Something hits you but does no damage.
You barely miss something. Something hits you but does no damage.
You closely miss something.
You hear some strange, mumbled words.
A magic dart appears from out of thin air!
The magic dart hits you!
* * * LOW HITPOINT WARNING * * *
Casting: Momentum Strike (quite dangerous; 67% risk of failure)
Confirm with . or Enter, or press ? or * to list all spells.
Okay, then.
Casting: Momentum Strike (quite dangerous; 67% risk of failure)
Confirm with . or Enter, or press ? or * to list all spells.
Aiming: Kiss of Death (safe; 56% risk of failure)
Press: ? - help, Shift-Dir - straight line The negative energy hits something.
You feel drained. Something hits you.
* * * LOW HITPOINT WARNING * * *
Casting: Kiss of Death (safe; 56% risk of failure)
Confirm with . or Enter, or press ? or * to list all spells.
Aiming: Kiss of Death (safe; 56% risk of failure)
Press: ? - help, Shift-Dir - straight line You miscast Kiss of Death.
You are very lightly contaminated with residual magic.
Nothing appears to happen.
You hear some strange, mumbled words.
A puff of flame appears from out of thin air!
The puff of flame hits you!
You die...

### #####............
.########.####..#.............
................'.............
................#.............
#.................#.............
#.................#.............
#.................#.............
#.................#..†..........
#...##########{@.##.............
##...###....###...#......#######.
..................#......'.....#.
..................+......#.....#.
..................#......#.....#.
...<..............#......#.....#.
..................#......##...##.
..................#.......#...###
##....##....#######..............


There were no monsters in sight!

Vanquished Creatures
  An iguana (D:4)
  Terence (D:2)
  2 adders (D:2)
  An ufetubus (D:4)
  3 ball pythons
  7 endoplasms
  3 giant cockroaches
  5 hobgoblins
  3 kobolds
  A quokka (D:1)
  4 bats
  3 frilled lizards
  7 goblins
  3 rats
44 creatures vanquished.

Notes
Turn   | Place    | Note
-------+----------+-------------------------------------------
     0 | D:1      | Spectrina the Merfolk Reaver began the quest for the Orb.
     0 | D:1      | Reached XP level 1. HP: 16/16 MP: 3/3
   101 | D:1      | Reached XP level 2. HP: 21/22 MP: 5/5
   134 | D:1      | Found a faded altar of an unknown god.
   165 | D:1      | Reached skill level 5 in Polearms
   178 | D:2      | Noticed Terence
   343 | D:1      | Reached XP level 3. HP: 26/27 MP: 6/6
   351 | D:1      | Learned a level 2 spell: Momentum Strike
   535 | D:2      | Killed Terence
   536 | D:2      | Reached skill level 6 in Polearms
   536 | D:2      | Reached XP level 4. HP: 12/21 MP: 4/7
   708 | D:3      | Upgraded the game from 0.30-a0-760-g5a9884bb7c to
                  | 0.30-a0-777-ga9a30cbeda
   886 | D:4      | Found a glowing golden altar of the Shining One.
   917 | D:4      | Found Guagamoc's Antique Armour Boutique.
   959 | D:5      | Entered Level 5 of the Dungeon
   971 | D:4      | Reached XP level 5. HP: 13/28 MP: 9/9
   977 | D:4      | HP: 1/21 [something (2)]
   978 | D:4      | Killed from afar by an orc wizard

Illustrated notes

Levels and vault maps discovered:
D:1:      lightli_arrival_chessboard, layout_loops_cross,
          ebering_ecumenical_altar_hall, dreamdust_wishing_well
D:2:      layout_loops_ring, uniq_terence
D:3:      layout_basic, nemelex_xobeh_ov_fountains_minmay
D:4:      layout_gridville, mainiacjoe_overflow_concentric_impassable,
          serial_shops, shop
D:5:      layout_layer_cave, minmay_bent

Skill      XL: |  1  2  3 |
---------------+----------+-----
Polearms       | 5 6 |  6.3
Fighting       | |  2.1
Armour         | |  0.4
Dodging        | |  2.6
Spellcasting   | |  2.8
Conjurations   | |  2.4
Translocations | |  0.4

Action                     |  1- 3 |  4- 6 || total
---------------------------+-------+-------++-------
  Melee: Spear             |    84 |     2 ||    86
         Punch             |     3 |       ||     3
         Trident           |       |    40 ||    40
   Cast: Kiss of Death     |     4 |     1 ||     5
         Momentum Strike   |     2 |     5 ||     7
    Use: Potion            |       |     1 ||     1
   Stab: Sleeping          |     4 |       ||     4
 Armour: Leather armour    |    12 |     1 ||    13
         Scale mail        |       |    16 ||    16
  Dodge: Dodged            |    33 |    20 ||    53

Table legend: (Time is in decaauts)
 A = Elapsed time spent in this place.
 B = Non-inter-level travel time spent in this place.
 C = Inter-level travel time spent in this place.
 D = Time resting spent in this place.
 E = Time spent auto-exploring this place.
 F = Levels seen in this place.
 G = Mean time per level.
                   A        B        C        D        E       F      G
               +--------+--------+--------+--------+--------+-----+--------+
         Total |    963 |    921 |     42 |      0 |      0 |   5 |  192.6 |
       Dungeon |    963 |    921 |     42 |      0 |      0 |   5 |  192.6 |
               +--------+--------+--------+--------+--------+-----+--------+

Top non-repeatable levels by time:
     D:1: 403 daAuts
     D:2: 214 daAuts
     D:4: 174 daAuts
     D:3: 162 daAuts
     D:5: 8 daAuts
